 Dungeon Crawl Stone Soup version 0.31-a0-1300-gb6740aa4e6 (webtiles) character file.

Game seed: 11452175638216142930

1003 gruber the Chiller (level 8, 52/52 HPs)
             Began as a Demonspawn Ice Elementalist on Dec 18, 2023.
             Was a Believer of Vehumet.
             Quit the game on level 6 of the Dungeon.
             The game lasted 00:06:32 (4991 turns).

gruber the Chiller (Demonspawn Ice Elementalist)    Turns: 4991, Time: 00:06:32

Health: 52/52      AC:  2    Str:  9    XL:     8   Next: 0%
Magic:  11/11      EV: 12    Int: 17    God:    Vehumet [**....]
Gold:   259        SH:  0    Dex: 14    Spells: 4/11 levels left

rFire   . .          .
                       - Unarmed
rCold   . . .        (no shield)
rNeg    . . .        (no body armour)
rPois   .            (helmet restricted)
rElec   .            h - +0 cloak
rCorr   .            (no gloves)
SInv    .            r - +0 pair of boots
Will    .....        (no amulet)
Stlth   ++           i - ring of wizardry
HPRegen 0.28/turn    (no ring)
MPRegen 0.12/turn

%: wizardry (x1)
@: no status effects
A: antennae 1, claws 1, foul stench 2, weakness stinger 1
a: Renounce Religion


You were on level 6 of the Dungeon.
You worshipped Vehumet.
Vehumet was pleased with you.
You visited 1 branch of the dungeon, and saw 6 of its levels.

You collected 259 gold pieces.

Inventory:

Armour
 a - a +0 robe
 e - a +1 helmet
 h - a +0 cloak (worn)
 r - a +0 pair of boots (worn)
Jewellery
 i - a ring of wizardry (left claw)
Wands
 u - a wand of flame (15)
Scrolls
 b - a scroll of immolation {unknown}
 c - 2 scrolls of acquirement {unknown}
 d - 7 scrolls of identify {unknown}
 f - 3 scrolls of teleportation {unknown}
 j - 2 scrolls of poison {unknown}
 m - 3 scrolls of vulnerability {unknown}
 q - a scroll of enchant armour {unknown}
 s - a scroll of revelation {unknown}
 t - a scroll of torment {unknown}
Potions
 g - a potion of enlightenment {unknown}
 k - a potion of berserk rage {unknown}
 l - a potion of attraction {unknown}
 n - a potion of might {unknown}
 o - 2 potions of heal wounds {unknown}
 p - 3 potions of curing


   Skills:
 - Level 1.7 Dodging
 - Level 1.7 Stealth
 * Level 5.9 Unarmed Combat
 - Level 2.0 Spellcasting
 - Level 6.9 Ice Magic


You had 4 spell levels left.
You knew the following spells:

 Your Spells              Type           Power      Damage    Failure   Level
a - Freeze                Ice            100%       1d10      1%          1
b - Frozen Ramparts       Ice            50%        1d8       1%          3
c - Ozocubu's Armour      Ice            25%        N/A       1%          3

Your spell library contained the following spells:

 Spells                   Type           Power      Damage    Failure   Level
 Scorch                   Fire           2%         2d5       12%         2
 Ensorcelled Hibernation  Hex/Ice        26%        N/A       2%          2
 Hailstorm                Conj/Ice       13%        3d6       6%          3
 Shock                    Conj/Air       4%         1d3       8%          1
 Slow                     Hex            4%         N/A       8%          1
 Summon Ice Beast         Ice/Summ       13%        N/A       19%         4
 Anguish                  Hex/Necr       0%         N/A       56%         4
 Metabolic Englaciation   Hex/Ice        6%         N/A       45%         5
 Freezing Cloud           Conj/Ice/Air   4%         6-21      61%         5
 Fireball                 Conj/Fire      0%         3d3       88%         5
 Simulacrum               Ice/Necr       6%         N/A       94%         6


Dungeon Overview and Level Annotations

Branches:
Dungeon (6/15)
 Temple: D:4-7

Altars:
Ashenzari
Vehumet
Xom
Lugonu

Shops:
D:2 *   D:3 [

Portals:
Abyss: D:3

Annotations:
D:3 2 runed translucent doors
D:6 1 transporter, crawlacc's ghost, novice MiFi


Innate Abilities, Weirdness & Mutations

You have a pair of small antennae on your head.
You have sharp fingernails.
You sometimes emit foul miasma when damaged in melee.
You have a small tail.


Message History

No reachable target in view!
The frozen ramparts melt away.
Your icy armour starts to melt.
Your icy armour cracks and falls away as you move.
You now have 259 gold pieces (gained 18).
Key pressed, stopping explore.
u - a wand of flame (15)
p - 3 potions of curing (gained 1)
A jelly comes into view.
Found a scroll labelled GAICSAZXOL.
Casting: Ozocubu's Armour (safe; 1% risk of failure)
Confirm with . or Enter, or press ? or * to list all spells.
Casting: Frozen Ramparts (safe; 1% risk of failure)
Press: ? - help, Dir - look around, f - activate The walls around you are covered in ice.
Unknown command.
Casting: Frozen Ramparts (safe; 1% risk of failure)
Confirm with . or Enter, or press ? or * to list all spells.
A film of ice covers your body!
The jelly quivers.
Unknown command.
Unknown command.
You claw the jelly!
Your claws burn!
The jelly is moderately wounded.
The wall freezes the jelly!
The jelly completely misses you.
You claw the jelly!
You kill the jelly!
Vehumet accepts your kill.
You feel your power returning.
You have reached level 8!
You feel agile.
Your demonic ancestry asserts itself...
A pair of antennae grows on your head!
Your +1 helmet falls away!
The frozen ramparts melt away.
Your icy armour starts to melt.
Your icy armour evaporates.
An ogre comes into view. It is wielding a +0 giant club.
The ogre shouts!
Unknown command.
Are you sure you want to abandon this character and quit the game? (Confirm with "yes".)

#............#######
#####.####..........
#................
#...#####.##>#...
#... #.......#...
#...##.##.#...... #.
#.##.#..##.#
##..O##.##........
.......@.........#
...........#......
................##
.#...#.######....#
.....#. ...## ...?
#. #...# #... #.
..## +.. #.


You could see an ogre.

Vanquished Creatures
  An orc warrior (D:5)
  An ogre (D:5)
  A sky beast (D:6)
  A phantom (D:5)
  2 scorpions (D:5)
  2 hounds
  A jelly (D:6)
  An orc priest (D:5)
  Jessica (D:3)
  2 sleepcaps (D:5)
  3 iguanas (D:5)
  2 orc wizards (D:5)
  7 gnolls
  5 adders
  A shadow imp (D:5)
  3 worms
  4 dart slugs
  8 orcs
  5 bats
  9 endoplasms
  3 giant cockroaches
  2 goblins
  3 hobgoblins (D:4)
  4 kobolds
  4 quokkas
  6 ball pythons
  4 frilled lizards
  8 rats
94 creatures vanquished.

Notes
Turn   | Place    | Note
-------+----------+-------------------------------------------
     0 | D:1      | gruber the Demonspawn Ice Elementalist began the quest for
                  | the Orb.
     0 | D:1      | Reached XP level 1. HP: 13/13 MP: 3/3
   432 | D:1      | Reached skill level 4 in Ice Magic
   508 | D:1      | Discovered your monstrous ancestry.
   508 | D:1      | Gained mutation: You have sharp fingernails. [demonic
                  | ancestry]
   508 | D:1      | Reached XP level 2. HP: 19/19 MP: 3/5
   921 | D:1      | Found a faded altar of an unknown god.
  1143 | D:2      | Gained mutation: You may rarely emit foul miasma when
                  | damaged in melee. [demonic ancestry]
  1143 | D:2      | Reached XP level 3. HP: 24/24 MP: 1/6
  1191 | D:2      | Got Qaip's Thoughts on Percussion
  1217 | D:2      | Learned a level 3 spell: Frozen Ramparts
  1254 | D:2      | Found a radiant altar of Vehumet.
  1415 | D:2      | Became a worshipper of Vehumet
  1494 | D:2      | Found Ykeiblub's Assorted Antiques.
  1702 | D:3      | Reached skill level 5 in Ice Magic
  1736 | D:3      | Found Geneschi's Armour Shoppe.
  1788 | D:3      | Noticed Jessica
  1806 | D:3      | Killed Jessica
  1807 | D:3      | Gained mutation: You have a small tail. [demonic ancestry]
  1807 | D:3      | Reached XP level 4. HP: 26/30 MP: 5/7
  2089 | D:3      | Found a large runed translucent door.
  2089 | D:3      | Found a large runed translucent door.
  2275 | D:3      | Found a one-way gate to the infinite horrors of the Abyss.
  2351 | D:3      | Found a shimmering altar of Xom.
  2356 | D:3      | Got the Excursus on the Wyrd
  2510 | D:3      | Found a corrupted altar of Lugonu.
  2846 | D:4      | Reached * piety under Vehumet
  2846 | D:4      | Offered knowledge of Sandblast by Vehumet.
  2847 | D:4      | Reached XP level 5. HP: 29/35 MP: 4/8
  3141 | D:4      | Learned a level 3 spell: Ozocubu's Armour
  3331 | D:5      | Entered Level 5 of the Dungeon
  3350 | D:5      | Noticed an ogre
  3356 | D:5      | Reached skill level 6 in Ice Magic
  3363 | D:5      | Killed an ogre
  3365 | D:5      | Reached XP level 6. HP: 41/41 MP: 0/9
  3586 | D:5      | Reached skill level 1 in Unarmed Combat
  3918 | D:5      | Found a broken altar of Ashenzari.
  4000 | D:5      | Gained mutation: You sometimes emit foul miasma when
                  | damaged in melee. [demonic ancestry]
  4000 | D:5      | Reached XP level 7. HP: 37/46 MP: 4/10
  4087 | D:5      | Offered knowledge of Scorch by Vehumet.
  4097 | D:5      | Reached ** piety under Vehumet
  4587 | D:5      | Reached skill level 5 in Unarmed Combat
  4797 | D:6      | Found a transporter.
  4876 | D:6      | Noticed a kobold demonologist
  4880 | D:6      | Noticed crawlacc's ghost (novice MiFi)
  4947 | D:6      | Gained mutation: You have a pair of small antennae on your
                  | head. [demonic ancestry]
  4947 | D:6      | Reached XP level 8. HP: 52/52 MP: 5/11
  4991 | D:6      | Quit the game

Illustrated notes

Levels and vault maps discovered:
D:1:      psy_arrival_conway, layout_basic, shapermc_ecumenical_altar_hornbeckon
D:2:      layout_rooms, basic_altar, serial_shops, shop
D:3:      due_chaos_kobolds, layout_rooms, tso_altar,
          lemuel_coloured_pillars_altar, serial_shops, shop, uniq_jessica
D:4:      layout_rooms, minmay_misc_feat_rows
D:5:      layout_gridville, mainiacjoe_overflow_catwalk_spiral,
          nicolae_figureground_pulse
D:6:      layout_loops_cross, mainiacjoe_overflow_alcove_2,
          nicolae_qazlal_general_emergency, minmay_temple_entry_sparse_star,
          gammafunk_ghost_arena, serial_shops, nicolae_shop_real_fake_doors

Skill      XL: |  1  2  3  4  5  6  7 |
---------------+----------------------+-----
Ice Magic      | 4 5 6 |  6.9
Unarmed Combat | 3 5 |  5.9
Dodging        | |  1.7
Stealth        | |  1.7
Spellcasting   | |  2.0

Action                     |  1- 3 |  4- 6 |  7- 9 || total
---------------------------+-------+-------+-------++-------
  Melee: Unarmed           |    48 |   140 |    27 ||   215
         Punch             |     1 |     1 |     2 ||     4
         Tailslap          |       |    19 |     4 ||    23
   Cast: Freeze            |    39 |    30 |     3 ||    72
         Frozen Ramparts   |     2 |    10 |    12 ||    24
         Ozocubu's Armour  |       |     4 |     7 ||    11
    Use: Potion            |       |     3 |       ||     3
   Stab: Sleeping          |       |     2 |       ||     2
 Armour: Robe              |    38 |    98 |    21 ||   157
         Skin              |       |       |    10 ||    10
  Dodge: Dodged            |    40 |   117 |    23 ||   180

Table legend: (Time is in decaauts)
 A = Elapsed time spent in this place.
 B = Non-inter-level travel time spent in this place.
 C = Inter-level travel time spent in this place.
 D = Time resting spent in this place.
 E = Time spent auto-exploring this place.
 F = Levels seen in this place.
 G = Mean time per level.
                   A        B        C        D        E       F      G
               +--------+--------+--------+--------+--------+-----+--------+
         Total |   4995 |   4842 |    153 |     24 |   3986 |   6 |  832.5 |
       Dungeon |   4995 |   4842 |    153 |     24 |   3986 |   6 |  832.5 |
               +--------+--------+--------+--------+--------+-----+--------+

Top non-repeatable levels by time:
     D:5: 1460 daAuts
     D:1: 974 daAuts
     D:3: 932 daAuts
     D:2: 732 daAuts
     D:4: 700 daAuts
     D:6: 194 daAuts
